 Dungeon Crawl Stone Soup version 0.29.1-13-g9f3cf754e1 (webtiles) character file.

Game seed: 843586485701482157

403 Thatpatchoflichen the Trooper (level 6, -9/67 HPs)
             Began as an Ogre Monk on Feb 10, 2023.
             Was an Elder of Wu Jian.
             Mangled by a mummy (16 damage)
             ... in an ossuary.
             The game lasted 00:12:24 (4373 turns).

Thatpatchoflichen the Trooper (Ogre Monk)           Turns: 4373, Time: 00:12:26

Health: -9/67      AC:  4    Str: 18    XL:     6   Next: 86%
Magic:  6/6        EV: 10    Int: 11    God:    Wu Jian [****..]
Gold:   192        SH:  0    Dex: 11    Spells: 5/5 levels left

rFire   . . .      SeeInvis .   B - +0 mace (vorpal)
rCold   . . .      Faith    .   (no shield)
rNeg    . . .      Spirit   .   b - +0 robe
rPois   .          Reflect  .   (helmet restricted)
rElec   .          Harm     .   f - +0 cloak
rCorr   .          Rampage  .   (gloves unavailable)
Will    .....                   (boots unavailable)
Stlth   ++........              m - amulet of regeneration
HPRegen 1.01/turn               (no ring)
MPRegen 0.10/turn               (no ring)

@: marked
A: large, unfitting armour, tough skin 1
a: Renounce Religion, Wall Jump, Serpent's Lash


You were in an ossuary.
You worshipped Wu Jian.
Wu Jian was greatly pleased with you.
You visited 1 branch of the dungeon, and saw 4 of its levels.
You also visited: Sewer and Ossuary.

You collected 192 gold pieces.

Inventory:

Hand Weapons
 a - a +0 mace
 y - a +2 hand axe of venom
 B - a +0 vorpal mace (weapon)
Missiles
 g - 9 javelins (quivered)
 r - 3 boomerangs
 A - 4 poisoned darts
Armour
 b - a +0 robe (worn)
 f - a +0 cloak (worn)
Magical Staves
 k - a staff of fire
Jewellery
 m - an amulet of regeneration (around neck)
 x - a ring of ice
Scrolls
 d - 3 scrolls of blinking {unknown}
 h - a scroll of magic mapping {unknown}
 j - 3 scrolls of identify {unknown}
 l - a scroll of amnesia {unknown}
 o - 2 scrolls of immolation {unknown}
 z - a scroll of teleportation {unknown}
Potions
 c - a potion of ambrosia
 e - a potion of haste {unknown}
 i - a potion of attraction {unknown}
 n - a potion of heal wounds {unknown}
 p - a potion of curing {unknown}
 q - a potion of brilliance {unknown}
 s - a potion of degeneration {unknown}
 t - a potion of invisibility {unknown}
 u - a potion of magic {unknown}
 v - a potion of might {unknown}
 w - a potion of berserk rage {unknown}


   Skills:
 - Level 6.0 Fighting
 + Level 6.0 Maces & Flails
 * Level 2.8 Dodging
 - Level 1.4 Stealth


You had 5 spell levels left.
You didn't know any spells.
Your spell library contained the following spells:

 Spells                   Type           Power      Damage    Failure   Level
 Confusing Touch          Hex            0%         N/A       71%         3
 Yara's Violent Unravell  Hex/Tmut       0%         3d3       100%        5
 Enfeeble                 Hex            0%         N/A       100%        7


Dungeon Overview and Level Annotations

Branches:
Dungeon (4/15)             Temple (0/1) D:4           Sewer (visited)
Ossuary (1/1)

Altars:
Wu Jian

Shops:
D:2 *

Annotations:
Ossuary Menkaure


Innate Abilities, Weirdness & Mutations

You are too large for most types of armour.
You have tough skin. (AC +1)


Message History

The kobold skeleton hits you but does no damage.
You hit the kobold skeleton.
You destroy the kobold skeleton!
The Council accepts your kill.
A mummy comes into view.
Menkaure, Prince of Dust comes into view.
A mummy comes into view.
A mummy comes into view.
You hit Menkaure but do no damage.
A kobold zombie comes into view.
Menkaure closely misses you.
You hit Menkaure but do no damage. The mummy barely misses you.
You completely miss Menkaure. You punch Menkaure, but do no damage.
Menkaure points at you and mumbles some strange words.
Pain shoots through your body!
You completely miss Menkaure. Menkaure closely misses you.
The mummy closely misses you.
You hit Menkaure.
Menkaure is lightly damaged.
Menkaure hits you! The mummy barely misses you.
You completely miss Menkaure.
Menkaure is lightly damaged.
Menkaure hits you!!
You barely miss Menkaure.
Menkaure is lightly damaged.
The mummy barely misses you. Menkaure hits you!
* * * LOW HITPOINT WARNING * * *
You hit Menkaure.
Menkaure is moderately damaged.
Menkaure hits you!
* * * LOW HITPOINT WARNING * * *
You hit Menkaure but do no damage.
Menkaure is moderately damaged.
You hit Menkaure.
Menkaure is heavily damaged.
Menkaure calls on the powers of darkness!
Your body is wracked with pain!
* * * LOW HITPOINT WARNING * * *
The mummy hits you!
You die...

##..####..## ##..######..##
##..##....##..##
##..##..##..##..##
##..##..####..##..##
##..##..######^.##..##
##..##..##....##..##..##
##..##..##.^##..##..##..##
##..##..##@M####..##..##..#
##..##..##MM## ##..##..##..
##..##..##MZ## ##..##..##.
##..##..##..# ##..##..##
##..##..##..# ##..##..#
##..##..##..# ##..##..
##..##..##..# ##..##.
#..##..##..# ##..##
..##..## ##..#


You could see Menkaure, 3 mummies and a kobold zombie.

Vanquished Creatures
  A water moccasin (Sewer)
  A jelly (D:4)
  An iguana (D:4)
  2 orc wizards (D:4)
  5 adders
  3 worms
  5 dart slugs
  3 orcs (D:3)
  4 bats
  6 endoplasms
  2 giant cockroaches (D:3)
  7 goblins
  13 hobgoblins
  4 jackals
  2 kobolds
  6 quokkas
  5 ball pythons
  6 frilled lizards
  5 gnoll skeletons (Ossuary)
  3 gnoll zombies (Ossuary)
  5 goblin skeletons (Ossuary)
  4 goblin zombies (Ossuary)
  2 hobgoblin skeletons (Ossuary)
  5 hobgoblin zombies (Ossuary)
  5 kobold skeletons (Ossuary)
  3 kobold zombies (Ossuary)
  An orc skeleton (Ossuary)
  3 orc zombies (Ossuary)
  8 rats
  6 rat skeletons (Ossuary)
  3 rat zombies (Ossuary)
129 creatures vanquished.

Notes
Turn   | Place    | Note
-------+----------+-------------------------------------------
     0 | D:1      | Thatpatchoflichen the Ogre Monk began the quest for the
                  | Orb.
     0 | D:1      | Reached XP level 1. HP: 24/24 MP: 1/1
   211 | D:1      | Reached XP level 2. HP: 23/33 MP: 2/2
   493 | D:1      | You fall into a shaft and drop 1 floor!
   562 | D:2      | Reached skill level 5 in Fighting
   663 | D:2      | Found Bauskitu's General Store.
   904 | D:1      | Reached XP level 3. HP: 42/42 MP: 3/3
   963 | D:1      | Found a faded altar of an unknown god.
  1851 | D:2      | Found an ornate altar of the Wu Jian Council.
  1863 | D:2      | Became a worshipper of the Wu Jian Council
  1863 | D:2      | Reached * piety under Wu Jian
  1863 | D:2      | Reached ** piety under Wu Jian
  1909 | D:2      | Reached XP level 4. HP: 50/52 MP: 4/4
  2553 | D:3      | Reached XP level 5. HP: 48/59 MP: 5/5
  2553 | D:3      | Found a glowing drain.
  2562 | Sewer    | Entered a sewer
  2668 | Sewer    | Noticed a water moccasin
  2711 | Sewer    | Killed a water moccasin
  2712 | Sewer    | Reached skill level 5 in Maces & Flails
  2712 | Sewer    | Reached XP level 6. HP: 11/67 MP: 6/6
  3811 | D:4      | Found a staircase to the Ecumenical Temple.
  3955 | D:4      | Reached *** piety under Wu Jian
  4046 | D:4      | Found a sand-covered staircase.
  4054 | Ossuary  | Entered an ossuary
  4348 | Ossuary  | Reached **** piety under Wu Jian
  4360 | Ossuary  | Noticed Menkaure
  4373 | Ossuary  | Mangled by a mummy

Illustrated notes

Levels and vault maps discovered:
D:1:      spicycebolla_arrival_clurvy, layout_loops_ring,
          hellmonk_ecumenical_altar_heavens_door
D:2:      layout_rooms, serial_shops, shop, basic_altar, minmay_surrounded
D:3:      layout_loops_cross, gup_sewer_entry_bubbles
D:4:      layout_basic, minmay_temple_entry_glass, enter_ossuary_4
Ossuary:  ossuary_due_pyramid

Skill      XL: |  1  2  3  4  5  6 |
---------------+-------------------+-----
Fighting       | 5 6 |  6.0
Maces & Flails | 3 4 5 6 |  6.0
Dodging        | |  2.8
Stealth        | |  1.4

Action                   |  1- 3 |  4- 6 || total
-------------------------+-------+-------++-------
Melee: Mace              |   139 |   314 ||   453
       Punch             |       |     6 ||     6
Invok: Lunge             |       |    19 ||    19
       Whirlwind         |       |    41 ||    41
 Stab: Sleeping          |     1 |       ||     1
Armor: Robe              |    61 |   112 ||   173
Dodge: Dodged            |   129 |   167 ||   296
